 Dungeon Crawl Stone Soup version 0.27-a0-765-ge4d627daa3 (webtiles) character file.

Game seed: 10021407539857105679

42 rageheart7 the Skirmisher (level 3, 0/30 HPs)
             Began as a Demonspawn Abyssal Knight on Mar 25, 2021.
             Was a Follower of Lugonu.
             Succumbed to an adder's poison
             ... on level 2 of the Dungeon.
             The game lasted 00:01:44 (2045 turns).

rageheart7 the Skirmisher (DsAK)                    Turns: 2045, Time: 00:01:44

Health: 0/30       AC:  6    Str: 13    XL:     3   Next: 33%
Magic:  4/4        EV: 10    Int: 13    God:    Lugonu [*.....]
Gold:   52         SH:  4    Dex: 12    Spells: 2/2 levels left

rFire    . . .     SeeInvis .   a - +1 mace
rCold    . . .     Faith    .   (no shield)
rNeg     . . .     Spirit   .   i - +0 ring mail
rPois    .         Reflect  .   (no helmet)
rElec    .         Harm     .   (no cloak)
rCorr    .         Rampage  .   (no gloves)
Will     .....                  (no boots)
Stlth    +.........             (no amulet)
HPRegen  0.10/turn              (no ring)
MPRegen  0.09/turn              (no ring)

@: lethally poisoned (0 -> -11)
A: rugged brown scales 1, condensation shield
a: Renounce Religion, Depart the Abyss


You were on level 2 of the Dungeon.
You worshipped Lugonu.
Lugonu was aware of your devotion.
You visited 1 branch of the dungeon, and saw 2 of its levels.
You visited the Abyss 1 time.

You collected 52 gold pieces.

Inventory:

Hand Weapons
 a - a +1 mace (weapon)
Armour
 i - a +0 ring mail (worn)
Jewellery
 b - a ring of protection from fire
Scrolls
 c - a scroll of teleportation {unknown}
 d - a scroll of brand weapon {unknown}
 g - a scroll of noise {unknown}
 j - a scroll of enchant armour {unknown}
 l - a scroll of immolation {unknown}
Potions
 e - 2 potions of heal wounds {unknown}
 f - a potion of haste {unknown}
 h - a potion of curing {unknown}
 k - a potion of resistance {unknown}


   Skills:
 * Level 4.1 Fighting
 * Level 2.3 Maces & Flails
 - Level 1.7 Armour
 - Level 0.8 Dodging
 + Level 0.1 Shields
 - Level 2.4 Invocations


You had 2 spell levels left.
You didn't know any spells.
Your spell library contained the following spells:

 Spells                   Type           Power      Damage    Failure   Level
 Confusing Touch          Hex            0%         N/A       89%         3
 Gell's Gravitas          Tloc           0%         N/A       89%         3
 Petrify                  Tmut/Erth      0%         N/A       100%        4
 Metabolic Englaciation   Hex/Ice        0%         N/A       100%        5
 Yara's Violent Unravell  Hex/Tmut       0%         3d3       100%        5


Dungeon Overview and Level Annotations

Branches:
Dungeon (2/15)

Altars:


Innate Abilities, Weirdness & Mutations

You are partially covered in rugged brown scales. (AC +1, +3% HP)
A meltable shield of frost defends you. (SH +4)


Message History

There are monsters nearby!
You miss the adder.
You feel sick. The bat barely misses you. The bat hits you but does no damage.
The adder barely misses you. The adder completely misses you.
There are monsters nearby!
You closely miss the adder.
You feel sick. The bat barely misses you. You block the bat's attack.
You block the adder's attack. The bat hits you but does no damage.
You hit the adder.
The adder is heavily wounded.
You feel sick. You block the bat's attack. The adder bites you.
The bat barely misses you. The adder bites you but does no damage.
You feel sick.
You are no longer poisoned.
The bat closely misses you.
You barely miss the adder.
The adder is heavily wounded.
The bat hits you. You block the bat's attack. The adder barely misses you.
You closely miss the adder.
The adder is heavily wounded.
You block the bat's attack. You block the adder's attack. The adder bites you.
You are poisoned.
The adder poisons you!
You barely miss the adder.
The adder is heavily wounded.
You feel sick. The bat barely misses you. The bat hits you but does no damage.
You block the adder's attack. The bat hits you but does no damage.
The adder bites you.
You are more poisoned.
The adder poisons you!
You barely miss the adder.
The adder is heavily wounded.
You feel very sick. You block the bat's attack. You block the adder's attack.
The adder bites you.
* * * LOW HITPOINT WARNING * * *
You are lethally poisoned!
The adder poisons you!
You barely miss the adder.
The adder is heavily wounded.
You die...

#.#
#.######)(#########.#.#
#.# #.#
##.#.........#.####
#.###.#
#...#######..(....
#.....#
##..#...#...#.##.#
####### #......#.###.##.#
#.####.#.###.# #.##.#
#........###.###.##.#
#######......#).....#
#BS@##.#######..####
.......#b##.#######....##
.......#.........<#....##
.......####)###.......###
.......#....###.####.....
......##.##.....####.####
...... # ##)..(......###
###.$. #...#####.....
#...# #..###


You could see an adder, a giant cockroach and a bat.

Vanquished Creatures
  An adder (D:2)
  A dart slug (D:2)
  5 ball pythons
  3 endoplasms
  2 giant cockroaches (D:1)
  3 goblins
  2 hobgoblins
  4 jackals (D:1)
  2 bats
  2 frilled lizards (D:1)
  2 kobolds
  A rat (D:1)
28 creatures vanquished.

Notes
Turn   | Place    | Note
-------+----------+-------------------------------------------
     0 | Abyss:1  | rageheart7 the Demonspawn Abyssal Knight began the quest
                  | for the Orb.
     0 | Abyss:1  | Reached XP level 1. HP: 18/18 MP: 2/2
    50 | Abyss:1  | Noticed a small abomination
    59 | D:1      | Escaped the Abyss
   414 | D:1      | Gained mutation: A meltable shield of frost defends you.
                  | (SH +4) [demonic ancestry]
   414 | D:1      | Reached XP level 2. HP: 24/24 MP: 3/3
   415 | D:1      | Reached * piety under Lugonu
  1318 | D:2      | Reached skill level 4 in Fighting
  1318 | D:2      | Gained mutation: You are partially covered in rugged brown
                  | scales. (AC +1, +3% HP) [demonic ancestry]
  1318 | D:2      | Reached XP level 3. HP: 17/30 MP: 4/4
  2045 | D:2      | Succumbed to an adder's poison

Illustrated notes

Levels and vault maps discovered:
D:1:      shiori_arrival_maze, layout_basic, minmay_misc_feat_ornament
D:2:      layout_basic

Skill      XL: |  1  2 |
---------------+-------+-----
Maces & Flails | 2 |  2.3
Fighting       | 4 |  4.1
Armour         | |  1.7
Dodging        | |  0.8
Shields        | |  0.1
Invocations    | |  2.4

Action                   || total
-------------------------++-------
Melee: Mace              ||   101
Invok: Depart the Abyss  ||     1
Armor: Leather armour    ||    19
       Ring mail         ||    19
Dodge: Dodged            ||    71
Block: Other             ||    18

Table legend: (Time is in decaauts)
 A = Elapsed time spent in this place.
 B = Non-inter-level travel time spent in this place.
 C = Inter-level travel time spent in this place.
 D = Time resting spent in this place.
 E = Time spent auto-exploring this place.
 F = Levels seen in this place.
 G = Mean time per level.
                   A        B        C        D        E       F      G
               +--------+--------+--------+--------+--------+-----+--------+
         Total |   2074 |   2040 |     34 |    409 |   1399 |   3 |  691.3 |
       Dungeon |   2015 |   1981 |     34 |    409 |   1349 |   2 | 1007.5 |
         Abyss |     59 |     59 |      0 |      0 |     50 |   1 |   59.0 |
               +--------+--------+--------+--------+--------+-----+--------+

Top non-repeatable levels by time:
     D:1: 1180 daAuts
     D:2: 834 daAuts
 Abyss:1: 59 daAuts
